 Dungeon Crawl Stone Soup version 0.30-a0-953-g5f1da4a474 (webtiles) character file.

Game seed: 6844564739884479758

16800 DeathPants the Fighter (level 12, -3/67 HPs)
             Began as a Vine Stalker Fighter on Mar 28, 2023.
             Was an Initiate of Gozag.
             Slain by a skeletal warrior
             ... wielding a +2 vampiric halberd
              (11 damage)
             ... on level 12 of the Dungeon.
             The game lasted 00:38:44 (10868 turns).

DeathPants the Fighter (Vine Stalker Fighter)      Turns: 10868, Time: 00:38:44

Health: -3/67      AC: 15    Str: 19    XL:     12   Next: 41%
Magic:  0/22       EV: 11    Int: 18    God:    Gozag
Gold:   1980       SH:  6    Dex: 15    Spells: 13/23 levels left

rFire   . . .      SeeInvis .    b - +1 quick blade (venom)
rCold   + . .      Faith    .    c - +0 buckler
rNeg    . . .      Spirit   +    d - +5 ring mail of Impatience {rC+ Stlth+}
rPois   +          Reflect  .    f - +2 helmet
rElec   .          Rampage  .    (no cloak)
rCorr   .                        r - +1 pair of gloves
Will    +....                    (no boots)
Stlth   ++++                     B - amulet of regeneration
HPRegen 1.91/turn                g - ring of poison resistance
MPRegen 0.18/turn                y - +6 ring of intelligence

@: no status effects
A: fangs 3, regeneration 1, magic shield, antimagic bite, no potion heal 2
a: Renounce Religion, Potion Petition, Call Merchant, Bribe Branch


You were on level 12 of the Dungeon.
You worshipped Gozag.
Gozag was most pleased with you.
You visited 2 branches of the dungeon, and saw 15 of its levels.

You collected 2041 gold pieces.
You paid 61 gold pieces to Gozag.

Inventory:

Hand Weapons
 b - a +1 quick blade of venom (weapon)
Missiles
 j - 25 poisoned darts
 k - 2 silver javelins
 m - 6 boomerangs
 D - 2 boomerangs of dispersal
Armour
 c - a +0 buckler (worn)
 d - the +5 ring mail of Impatience (worn) {rC+ Stlth+}
   (You found it on level 2 of the Dungeon)

   rC:        It protects you from cold.
   Stlth:     It makes you more stealthy.
 f - a +2 helmet (worn)
 r - a +1 pair of gloves (worn)
Jewellery
 g - a ring of poison resistance (left hand)
 n - the ring "Naceuj" {rCorr Str+3}
   (You found it on level 2 of the Dungeon)

   [ring of resist corrosion]

   Str:       It affects your strength (+3).
   rCorr:     It protects you from acid and corrosion.
 t - an amulet of magic regeneration
 v - a ring of see invisible
 y - a +6 ring of intelligence (right hand)
 B - an amulet of regeneration (around neck)
 E - a ring of fire
Wands
 a - a wand of digging (6)
 s - a wand of paralysis (3)
 w - a wand of iceblast (12)
 x - a wand of mindburst (20)
 z - a wand of flame (16) (quivered)
Scrolls
 u - 2 scrolls of teleportation
Potions
 e - 4 potions of attraction
 h - 7 potions of curing
 i - 2 potions of flight
 o - a potion of lignification
 p - 4 potions of brilliance {unknown}
 A - a potion of resistance {unknown}
 C - 2 potions of mutation {unknown}


   Skills:
 + Level 9.7 Fighting
 - Level 8.0 Short Blades
 - Level 2.4 Armour
 - Level 2.4 Dodging
 + Level 9.0 Stealth
 - Level 7.3 Shields
 - Level 6.0 Spellcasting
 + Level 9.0 Necromancy


You had 13 spell levels left.
You knew the following spells:

 Your Spells              Type           Power      Damage    Failure   Level
a - Dispel Undead         Necr           38%        3d16      6%          4
b - Death Channel         Necr           19%        N/A       67%         6

Your spell library contained the following spells:

 Spells                   Type           Power      Damage    Failure   Level
 Cigotuvi's Dreadful Rot  Necr/Pois/Air  32%        N/A       11%         2
 Apportation              Tloc           10%        N/A       26%         1
 Ignite Poison            Fire/Tmut/Pois 5%         N/A       58%         3
 Inner Flame              Hex/Fire       5%         N/A       58%         3
 Cause Fear               Hex            2%         N/A       94%         4
 Sticky Flame             Conj/Fire      5%         2d3       94%         4
 Summon Ice Beast         Ice/Summ       5%         N/A       94%         4
 Alistair's Intoxication  Tmut/Pois      3%         N/A       100%        5
 Fireball                 Conj/Fire      2%         3d4       100%        5
 Iskenderun's Battlesphe  Conj           5%         2d6       100%        5
 Summon Mana Viper        Hex/Summ       5%         N/A       100%        5
 Conjure Ball Lightning   Conj/Air       2%         3x3d6     100%        6
 Monstrous Menagerie      Summ           2%         N/A       100%        7
 Orb of Destruction       Conj           2%         9d5       100%        7
 Borgnjor's Revivificati  Necr           19%        N/A       100%        8
 Discord                  Hex            2%         N/A       100%        8
 Ignition                 Fire           2%         3d3       100%        8
 Necromutation            Tmut/Necr      10%        N/A       100%        8
 Death's Door             Necr           19%        N/A       100%        9


Dungeon Overview and Level Annotations

Branches:
Dungeon (14/15)            Temple (1/1) D:5            Lair (0/5) D:8
    Orc (0/2) D:10
 Vaults: D:13-14

Altars:
Ashenzari
Cheibriados
Dithmenos
Elyvilon
Fedhas
Gozag
Hepliaklqana
Kikubaaqudgha
Makhleb
Nemelex Xobeh
Okawaru
Qazlal
Ru
Sif Muna
Trog
Uskayaw
Vehumet
Wu Jian
Xom
Yredelemnul
Zin
The Shining One

Shops:
D:5 =   D:6 *

Annotations:
D:7 2 transporters


Innate Abilities, Weirdness & Mutations

You have razor-sharp teeth.
Your natural rate of healing is unusually fast.
When hurt, damage is shared between your health and your magic reserves.
Your bite disrupts and absorbs the magic of your enemies.
Potions cannot restore your health.


Message History

You bite the skeletal warrior, but do no damage.
The skeletal warrior is severely damaged.
You block the skeletal warrior's attack.
You hit the skeletal warrior. Your bite misses the skeletal warrior.
The skeletal warrior is severely damaged.
You hit the skeletal warrior but do no damage.
You bite the skeletal warrior, but do no damage.
The skeletal warrior is severely damaged.
You hit the skeletal warrior but do no damage.
You bite the skeletal warrior, but do no damage.
The skeletal warrior is severely damaged.
The skeletal warrior hits you with a +2 vampiric halberd!
* * * LOW HITPOINT WARNING * * *
You hit the skeletal warrior but do no damage.
You bite the skeletal warrior, but do no damage.
The skeletal warrior is severely damaged.
You hit the skeletal warrior but do no damage.
You bite the skeletal warrior, but do no damage.
The skeletal warrior is severely damaged.
You hit the skeletal warrior but do no damage.
Your bite misses the skeletal warrior.
The skeletal warrior is severely damaged.
The skeletal warrior misses you.
You hit the skeletal warrior but do no damage.
Your bite misses the skeletal warrior.
The skeletal warrior is severely damaged.
You barely miss the skeletal warrior. Your bite misses the skeletal warrior.
The skeletal warrior is severely damaged.
You hit the skeletal warrior but do no damage.
Your bite misses the skeletal warrior.
The skeletal warrior is severely damaged.
The skeletal warrior hits you with a +2 vampiric halberd!!
* * * LOW HITPOINT WARNING * * *
The skeletal warrior draws strength from your wounds!
You hit the skeletal warrior but do no damage.
You bite the skeletal warrior. You drain its power.
You feel invigorated.
The skeletal warrior is severely damaged.
The skeletal warrior hits you from afar with a +2 vampiric halberd!!
You die...
Your body crumbles into a pile of gold.

#.......# ######+##
.# [## ..# #######.##
###+######
#...@....###.........
#........#.'.........
#.....z..#z#.........
#........#.#z........
#..........#.........
#........###.........
#........# #.[....p..
#........# #^........
#........# #.........


You could see a skeletal warrior.

Vanquished Creatures
  Kirke (D:12)
  3 two-headed ogres
  2 skeletal warriors (D:12)
  A manticore (D:11)
  2 kobold demonologists (D:12)
  3 unseen horrors
  A komodo dragon (D:11)
  3 trolls (D:10)
  3 slime creatures (D:12)
  A vampire (D:12)
  3 wraiths
  22 yaks
  Grum (D:8)
  5 wyverns
  A basilisk (D:8)
  Menkaure (D:5)
  3 wargs
  An acid dragon (D:10)
  3 water moccasins (D:8)
  A sky beast (D:6)
  5 orc warriors
  4 black bears
  4 wolves
  An ogre (D:6)
  A centaur (D:11)
  A phantom (D:5)
  2 kobold brigands (D:8)
  A gnoll sergeant (D:8)
  3 scorpions
  3 bullfrogs
  8 wights
  11 killer bees
  5 howler monkeys
  5 hounds
  2 jellies
  9 orc priests
  2 sleepcaps (D:5)
  A gnoll bouda (D:7)
  2 iguanas (D:5)
  6 orc wizards
  10 gnolls
  6 adders
  2 shadow imps
  3 worms
  A dart slug (D:1)
  56 orcs
  2 bats (D:1)
  10 endoplasms
  5 giant cockroaches
  6 goblins
  8 hobgoblins
  7 jackals
  11 kobolds
  3 quokkas
  9 ball pythons
  A frilled lizard (D:2)
  5 rats
282 creatures vanquished.

Vanquished Creatures (others)
  3 humans (D:12)
  An orc priest (D:12)
  14 orcs (D:12)
  2 kobolds
  4 fungi (D:8)
  15 plants (D:8)
39 creatures vanquished.

Grand Total: 321 creatures vanquished

Notes
Turn   | Place    | Note
-------+----------+-------------------------------------------
     0 | D:1      | DeathPants the Vine Stalker Fighter began the quest for the
                  | Orb.
     0 | D:1      | Reached XP level 1. HP: 11/11 MP: 2/2
    32 | D:1      | Reached XP level 2. HP: 9/16 MP: 1/3
   273 | D:1      | Reached XP level 3. HP: 17/19 MP: 2/4
   766 | D:3      | Reached skill level 1 in Dodging
   826 | D:2      | Gained mutation: Your natural rate of healing is unusually
                  | fast. [Vine Stalker growth]
   826 | D:2      | Reached XP level 4. HP: 5/24 MP: 2/5
   885 | D:2      | Identified the +5 ring mail of Impatience {rC+ Stlth+}
   939 | D:2      | Identified the ring "Naceuj" {rCorr Str+3}
  1075 | D:2      | Found a faded altar of an unknown god.
  1694 | D:3      | Reached XP level 5. HP: 27/27 MP: 6/6
  1703 | D:3      | Identified a scroll of acquirement
  1703 | D:3      | Acquired a +0 quick blade of venom
  2178 | D:4      | Reached XP level 6. HP: 25/32 MP: 7/7
  2350 | D:4      | Found a shimmering blue altar of Sif Muna.
  2429 | D:4      | Found an iron altar of Okawaru.
  2532 | D:5      | Entered Level 5 of the Dungeon
  2532 | D:5      | Noticed Menkaure
  2547 | D:5      | Killed Menkaure
  2548 | D:5      | Reached XP level 7. HP: 13/37 MP: 4/8
  2726 | D:5      | Found Wiryamo's Jewellery Shoppe.
  2810 | D:4      | Identified the +1 dagger of Impeachment {heavy, Stlth+}
  3205 | D:6      | Reached skill level 5 in Short Blades
  3385 | D:5      | Gained mutation: You have razor-sharp teeth. [Vine Stalker
                  | growth]
  3385 | D:5      | Reached XP level 8. HP: 42/42 MP: 9/9
  3662 | D:5      | Found a staircase to the Ecumenical Temple.
  3674 | Temple   | Entered the Ecumenical Temple
  3688 | Temple   | Became a worshipper of Gozag Ym Sagoz the Greedy
  3867 | D:6      | Learned a level 4 spell: Dispel Undead
  4016 | D:6      | Found a glowing silver altar of Zin.
  4027 | D:6      | Found a radiant altar of Vehumet.
  4098 | D:6      | Reached skill level 5 in Shields
  4130 | D:6      | Reached skill level 1 in Spellcasting
  4130 | D:6      | Reached skill level 1 in Necromancy
  4178 | D:6      | Found a stormy altar of Qazlal.
  4201 | D:6      | Found Visymem's Neck Hole.
  4315 | D:6      | Reached skill level 5 in Fighting
  4627 | D:7      | Found a hazy altar of Hepliaklqana.
  4968 | D:7      | Noticed a hornet
  4983 | D:7      | Found a transporter.
  4988 | D:7      | Found a transporter.
  5066 | D:7      | Noticed a wyvern
  5075 | D:7      | Killed a wyvern
  5268 | D:8      | Noticed a wyvern
  5528 | D:7      | Learned a level 6 spell: Death Channel
  5545 | D:8      | Noticed a wyvern
  5550 | D:8      | Killed a wyvern
  5551 | D:8      | Reached XP level 9. HP: 47/47 MP: 13/13
  6113 | D:8      | Noticed Grum
  6160 | D:8      | Killed Grum
  6161 | D:8      | Reached XP level 10. HP: 43/53 MP: 17/17
  6195 | D:8      | Found a staircase to the Lair.
  6399 | D:8      | Found a sacrificial altar of Ru.
  6721 | D:10     | Entered Level 10 of the Dungeon
  6851 | D:9      | Reached skill level 5 in Spellcasting
  6876 | D:9      | Reached skill level 5 in Necromancy
  7269 | D:9      | Noticed a two-headed ogre
  7297 | D:9      | Killed a two-headed ogre
  7723 | D:10     | Reached skill level 1 in Stealth
  7777 | D:10     | Reached XP level 11. HP: 55/58 MP: 19/21
  8058 | D:10     | Found a staircase to the Orcish Mines.
  8894 | D:11     | Reached skill level 5 in Stealth
  9049 | D:11     | Noticed a manticore
  9090 | D:11     | Killed a manticore
  9814 | D:11     | Noticed a two-headed ogre
  9824 | D:11     | Killed a two-headed ogre
 10077 | D:12     | Reached XP level 12. HP: 64/66 MP: 20/22
 10105 | D:12     | Noticed a two-headed ogre
 10116 | D:12     | Killed a two-headed ogre
 10159 | D:12     | Noticed Kirke
 10174 | D:12     | Noticed a sphinx
 10233 | D:12     | Killed Kirke
 10341 | D:12     | Identified the +0 leather armour "Zinogugo" {rElec rPois
                  | Str+2}
 10868 | D:12     | Slain by a skeletal warrior

Illustrated notes

Levels and vault maps discovered:
D:1:      scummos_arrival_star, layout_rooms
D:2:      layout_basic, dreamdust_ecumenical_altar_angels_and_demons,
          nrook_mini_backslash
D:3:      layout_rooms
D:4:      layout_loops_corners, okawaru_metal_pillars_3,
          mainiacjoe_overflow_alcove_2
D:5:      layout_cave_pools, minmay_temple_entry_water_ring, serial_shops,
          nicolae_shop_advertising_works [nicolae_subvault_shop_adworks],
          uniq_menkaure
D:6:      layout_loops_cross, nicolae_overflow_hidden_temple,
          amethyst_overflow_temple_binary, nicolae_shop_sticking_my_neck_out
D:7:      layout_rooms, worldfamousw_hep_ancestral_shrine, gammafunk_ghost_hive
D:8:      layout_rooms, lemuel_doored_altar, minmay_lair_entry_grove,
          minmay_circle_x, uniq_grum
D:9:      layout_loops_cross
D:10:     layout_small_grid, minmay_orc_entry_guard_dogs
D:11:     layout_stronghold
D:12:     layout_roguey [special_room_orc], uniq_kirke, uniq_sonja
D:13:     layout_basic, portal_ice_cave_entry_ice_simulacra
D:14:     layout_basic, erik_vaults_2, nicolae_qazlal_general_emergency,
          kennysheep_slug_shrine
Temple:   minmay_freezing_vapour_temple

Skill      XL: |  1  2  3  4  5  6  7  8  9 10 11 12 |
---------------+-------------------------------------+-----
Short Blades   | 2 3 4 5 6 7 8 |  8.0
Fighting       | 3 4 5 6 7 9 |  9.7
Shields        | 3 4 5 6 7 |  7.3
Dodging        | 1 2 |  2.4
Spellcasting   | 2 4 6 |  6.0
Necromancy     | 2 4 5 8 9 |  9.0
Stealth        | 1 7 9 |  9.0
Armour         | |  2.4

Action                     |  1- 3 |  4- 6 |  7- 9 | 10-12 || total
---------------------------+-------+-------+-------+-------++-------
  Melee: Rapier            |   119 |    56 |       |       ||   175
         Bite              |    32 |    43 |   214 |   512 ||   801
         Quick blade       |       |    87 |   613 |  1232 ||  1932
  Throw: Throwing net      |     1 |       |       |       ||     1
         Boomerang         |       |       |     5 |       ||     5
   Cast: Dispel Undead     |       |       |       |     1 ||     1
  Evoke: Wand              |       |       |    10 |    22 ||    32
    Use: Scroll            |     1 |     3 |     7 |     9 ||    20
         Potion            |     1 |       |       |     3 ||     4
   Stab: Paralysed         |       |       |     5 |       ||     5
         Sleeping          |       |       |     1 |     1 ||     2
         Distracted        |       |       |     2 |     3 ||     5
 Armour: Scale mail        |    46 |     1 |       |       ||    47
         Ring mail         |       |    51 |   155 |   209 ||   415
  Dodge: Dodged            |    46 |    55 |   213 |   220 ||   534
  Block: Buckler           |    23 |    20 |    84 |   128 ||   255

Table legend: (Time is in decaauts)
 A = Elapsed time spent in this place.
 B = Non-inter-level travel time spent in this place.
 C = Inter-level travel time spent in this place.
 D = Time resting spent in this place.
 E = Time spent auto-exploring this place.
 F = Levels seen in this place.
 G = Mean time per level.
                   A        B        C        D        E       F      G
               +--------+--------+--------+--------+--------+-----+--------+
         Total |   9699 |   9423 |    276 |    249 |   5824 |  15 |  646.6 |
       Dungeon |   9679 |   9403 |    276 |    249 |   5814 |  14 |  691.4 |
        Temple |     19 |     19 |      0 |      0 |     10 |   1 |   19.0 |
               +--------+--------+--------+--------+--------+-----+--------+

Top non-repeatable levels by time:
    D:11: 1212 daAuts
     D:7: 1056 daAuts
     D:4: 980 daAuts
     D:2: 968 daAuts
     D:9: 838 daAuts
    D:10: 808 daAuts
     D:8: 793 daAuts
     D:6: 765 daAuts
     D:5: 603 daAuts
     D:1: 562 daAuts
    D:12: 556 daAuts
     D:3: 520 daAuts
  Temple: 19 daAuts
    D:13: 12 daAuts
    D:14: 1 daAuts
